 Dungeon Crawl Stone Soup version 0.25-a0-1132-g9d38388ac0 (webtiles) character file.

Game seed: 16805556743882863218, levelgen mode: deterministic

123 RaHiT the Slasher (level 4, -1/35 HPs)
             Began as a Demonspawn Chaos Knight on May 20, 2020.
             Was a Plaything of Xom.
             Killed from afar by an orc wizard (9 damage)
             ... with a magic dart
             ... on level 3 of the Dungeon.
             The game lasted 00:12:39 (1957 turns).

RaHiT the Slasher (Demonspawn Chaos Knight)         Turns: 1957, Time: 00:12:39

Health: -1/35      AC:  6    Str: 19    XL:     4   Next: 80%
Magic:  4/4        EV: 12    Int: 14    God:    Xom [.*....]
Gold:   129        SH:  8    Dex: 12    Spells: 3/3 levels left

rFire    + . .     SeeInvis .   a - +0 falchion (chaos)
rCold    . . .     Gourm    .   q - +0 buckler
rNeg     . . .     Faith    .   b - +2 leather armour
rPois    .         Spirit   .   (helmet restricted)
rElec    .         Reflect  +   (no cloak)
rCorr    .         Harm     .   n - +0 pair of gloves
MR       .....                  (no boots)
Stlth    +.........             x - amulet of reflection
HPRegen  0.11/turn              g - ring of protection from fire
MPRegen  0.09/turn              i - +6 ring of strength (curse)

@: no status effects
A: horns 2, demonic guardian 1
a: Renounce Religion


You were on level 3 of the Dungeon.
You worshipped Xom.
You were a plaything of Xom.
You were not hungry.

You visited 1 branch of the dungeon, and saw 3 of its levels.

You collected 129 gold pieces.

Inventory:

Hand Weapons
 a - a +0 falchion of chaos (weapon)
 l - a +0 dagger of venom
 r - a +0 falchion
Missiles
 f - 110 stones
 o - 6 boomerangs (quivered)
Armour
 b - a +2 leather armour (worn)
 n - a +0 pair of gloves (worn)
 q - a +0 buckler (worn)
Jewellery
 g - a ring of protection from fire (left hand)
 i - a cursed +6 ring of strength (right hand)
 v - an uncursed ring of magical power
 x - an amulet of reflection (around neck)
Scrolls
 d - 3 scrolls of blinking {unknown}
 e - 3 scrolls of remove curse {unknown}
 j - 2 scrolls of teleportation {unknown}
 k - 2 scrolls of identify {unknown}
 m - a scroll of amnesia {unknown}
 p - a scroll of immolation {unknown}
 w - a scroll of fear {unknown}
 y - a scroll of random uselessness {unknown}
 z - a scroll of enchant armour {unknown}
Potions
 h - a potion of cancellation {unknown}
 t - a potion of degeneration {unknown}
 u - 2 potions of curing {unknown}
Comestibles
 c - 4 rations


   Skills:
 - Level 3.0 Fighting
 + Level 3.3 Long Blades
 + Level 2.1 Throwing
 - Level 2.0 Armour
 + Level 2.4 Dodging
 + Level 1.1 Shields


You had 3 spell levels left.
You didn't know any spells.
Your spell library was empty.

Dungeon Overview and Level Annotations

Branches:
Dungeon (3/15)

Altars:
Elyvilon
Gozag
Hepliaklqana
Okawaru
Ru
Xom


Innate Abilities, Weirdness & Mutations

You have a pair of horns on your head.
A weak demonic guardian rushes to your aid.


Message History

The orc hits your ufetubus.
Your ufetubus dies!
You completely miss something.
You hear some strange, mumbled words.
A puff of flame appears from out of thin air!
The puff of flame hits you. You resist. The orc hits you but does no damage.
The orc misses you.
You hear some strange, mumbled words.
A puff of frost appears from out of thin air!
The puff of frost hits you.
* * * LOW HITPOINT WARNING * * *
You hear some strange, mumbled words.
A puff of frost appears from out of thin air!
The puff of frost hits you but does no damage.
Something hits you but does no damage.
You see here a +0 club.
A magic dart appears from out of thin air!
The magic dart hits you!
You die... "What!?
That's it?"

)o####### (oo..).[###
.######)..## ###..###
##o..# ###o###
#######{..# ##
#.......###
....##....@.##
#...........#
#..#......#
#........#
#........###
##.##.##)..#########
###...)####.........#
###......#
####...[..#
##_##.....# #......#


You could see an orc.

Vanquished Creatures
  An orc priest (D:3)
  An adder (D:2)
  2 worms (D:2)
  2 dart slugs
  4 leopard geckos
  6 orcs
  2 giant cockroaches (D:1)
  5 goblins
  7 hobgoblins
  A quokka (D:3)
  4 bats
  3 frilled lizards
  5 kobolds
  2 rats (D:1)
45 creatures vanquished.

Vanquished Creatures (collateral kills)
  A crimson imp (D:3)
  A leopard gecko (D:3)
  An orc (D:3)
3 creatures vanquished.

Vanquished Creatures (others)
  A bat (D:2)
1 creature vanquished.

Grand Total: 49 creatures vanquished

Notes
Turn   | Place    | Note
-------+----------+-------------------------------------------
     0 | D:1      | RaHiT the Demonspawn Chaos Knight began the quest for the
                  | Orb.
     0 | D:1      | Reached XP level 1. HP: 18/18 MP: 1/1
   140 | D:1      | XOM: smoke on damage
   168 | D:1      | XOM: cast spell 'Summon Small Mammal'
   174 | D:1      | Reached skill level 1 in Dodging
   181 | D:1      | XOM: confuse monster(s)
   272 | D:1      | XOM: divination: detect items
   305 | D:1      | Gained mutation: You have a pair of small horns on your
                  | head. [demonic ancestry]
   305 | D:1      | Reached XP level 2. HP: 15/24 MP: 2/2
   354 | D:1      | XOM: silly message
   674 | D:1      | Reached skill level 1 in Throwing
   699 | D:1      | XOM: silly message
   969 | D:2      | Found a sacrificial altar of Ru.
   978 | D:2      | Gained mutation: A weak demonic guardian rushes to your
                  | aid. [demonic ancestry]
   978 | D:2      | Reached XP level 3. HP: 29/29 MP: 3/3
  1148 | D:2      | Found a hazy altar of Hepliaklqana.
  1191 | D:2      | XOM: divination: magic mapping
  1311 | D:2      | XOM: silly message
  1315 | D:2      | XOM: divination: magic mapping
  1472 | D:2      | Found a white marble altar of Elyvilon.
  1689 | D:2      | XOM: silly message
  1784 | D:3      | Found an opulent altar of Gozag.
  1788 | D:3      | Found an iron altar of Okawaru.
  1794 | D:3      | Found a shimmering altar of Xom.
  1851 | D:3      | Gained mutation: You have a pair of horns on your head.
                  | [demonic ancestry]
  1851 | D:3      | Reached XP level 4. HP: 35/35 MP: 4/4
  1943 | D:3      | Reached skill level 1 in Shields
  1957 | D:3      | Killed from afar by an orc wizard

Illustrated notes

Levels and vault maps discovered:
D:1:      lemuel_arrival_hallway, layout_loops_ring
D:2:      layout_basic, overflow_temple_1_default,
          nicolae_overflow_crystal_walls, elyvilon_altar_4
D:3:      layout_rooms, tso_altar, grunt_temple_overflow_diamond

Skill      XL: |  1  2  3  4 |
---------------+-------------+-----
Dodging        | 1 2 |  2.4
Armour         | 2 |  2.0
Throwing       | 1 2 |  2.1
Long Blades    | 3 |  3.3
Shields        | 1 |  1.1
Fighting       | |  3.0

Action                   |  1- 3 |  4- 6 || total
-------------------------+-------+-------++-------
Melee: Falchion          |    94 |    19 ||   113
       Headbutt          |    20 |     2 ||    22
       Dagger            |     7 |       ||     7
Throw: Stone             |    51 |       ||    51
       Boomerang         |     4 |    13 ||    17
 Stab: Distracted        |     1 |       ||     1
  Eat: Chunk             |     3 |       ||     3
Armor: Leather armour    |    29 |     9 ||    38
Dodge: Dodged            |    52 |    10 ||    62
Block: Buckler           |     8 |    10 ||    18
       Reflection        |       |     4 ||     4
       Rpst.: Falchion   |    15 |     3 ||    18

Table legend:
 A = Non-vault XP
 B = Vault XP
 C = Vault XP percentage of total XP
 D = Non-vault monster count
 E = Vault monster count
 F = Vault count percentage of total count
                 A         B        C        D         E       F
            +---------+---------+-------+---------+---------+-------
      Total |     177 |       0 |   0.0 |      48 |       0 |   0.0
            +---------+---------+-------+---------+---------+-------
        D:1 |      39 |       0 |   0.0 |      22 |       0 |   0.0
        D:2 |      45 |       0 |   0.0 |      13 |       0 |   0.0
        D:3 |      93 |       0 |   0.0 |      13 |       0 |   0.0
            +---------+---------+-------+---------+---------+-------
